 Dungeon Crawl Stone Soup version 0.31-a0-1101-g9ad1905e61 (webtiles) character file.

Game seed: 14833684221559315625

284 Dirtsage the Changeling (level 6, -2/46 HPs)
             Began as an Octopode Shapeshifter on Dec 1, 2023.
             Slain by an orc
             ... wielding a +0 trident
              (6 damage)
             ... on level 5 of the Dungeon.
             The game lasted 00:04:17 (2237 turns).

Dirtsage the Changeling (Octopode Shapeshifter)     Turns: 2237, Time: 00:04:18

Health: -2/46      AC:  1    Str: 13    XL:     6   Next: 29%
Magic:  15/15      EV: 12    Int: 16    God:
Gold:   154        SH:  3    Dex: 12    Spells: 5/5 levels left

rFire   + . .        p - +12 whip of Loedyib {flame, rF+}
rCold   . . .        f - +0 buckler
rNeg    . . .        (helmet currently unavailable)
rPois   .            (no amulet)
rElec   .            q - ring of magical power
rCorr   .            (no ring)
SInv    .            (no ring)
Will    .....        (no ring)
Stlth   ++           (no ring)
HPRegen 0.27/turn    (no ring)
MPRegen 0.14/turn    (no ring)
                     (no ring)

%: no passive effects
@: beast-form, attractive, invisible
A: beast (slay +2), almost no armour, amphibious, 8 rings, camouflage 1,
gelatinous body 1, (nimble swimmer 1), tentacles, clever 1, sense surroundings
1, robust 1
a: Begin Untransformation


You were on level 5 of the Dungeon.
You were a hulking beast.
You visited 1 branch of the dungeon, and saw 5 of its levels.

You collected 154 gold pieces.

Inventory:

Hand Weapons
 p - the +12 whip of Loedyib (weapon) {flame, rF+}
   (You found it on level 3 of the Dungeon)

   rF+:       It protects you from fire.
Missiles
 r - 6 curare-tipped darts
Armour
 f - a +0 buckler (worn)
Jewellery
 q - a ring of magical power (left tentacle)
Talismans
 b - a beast talisman
 c - a flux talisman
Wands
 o - a wand of flame (19)
Scrolls
 g - 5 scrolls of identify {unknown}
 i - a scroll of enchant armour {unknown}
 k - a scroll of fog {unknown}
 l - 2 scrolls of noise {unknown}
 n - a scroll of vulnerability {unknown}
Potions
 a - 2 potions of lignification
 d - a potion of degeneration {unknown}
 e - a potion of invisibility
 h - a potion of heal wounds {unknown}


   Skills:
 + Level 3.0 Fighting
 - Level 2.0 Dodging
 + Level 4.2 Unarmed Combat
 * Level 4.9 Shapeshifting


You had 5 spell levels left.
You didn't know any spells.
Your spell library contained the following spells:

 Spells                   Type           Power      Damage    Failure   Level
 Sublimation of Blood     Necr           0%         N/A       47%         2
 Stone Arrow              Conj/Erth      0%         3d7       71%         3
 Petrify                  Tmut/Erth      0%         N/A       98%         4
 Irradiate                Conj/Tmut      0%         3d11      100%        5
 Lehudib's Crystal Spear  Conj/Erth      0%         10d2      100%        8
 Animate Armour           Summ/Erth      Unusable   N/A       N/A         4

Dungeon Overview and Level Annotations

Branches:
Dungeon (5/15)
 Temple: D:4-7

Altars:


Innate Abilities, Weirdness & Mutations

You are a hulking beast.
Your limbs bulge with bestial killing power. (Slay +2)
You cannot wear most types of armour.
You are amphibious.
You can wear up to eight rings at the same time.
Your skin changes colour to match your surroundings (Stealth+).
Your rubbery body absorbs attacks. (AC +1, EV +1)
((You are camouflaged when in or above water. (Stealth+)))
You have tentacles for arms and can constrict up to eight enemies at once.
Your mind is acute. (Int +4, Str/Dex -1)
You passively map a small area around you.
You are robust. (+10% HP)


Message History

You barely miss the orc wizard. Your grab misses the orc wizard.
You squeeze the orc wizard.
The orc wizard is moderately wounded.
An orc comes into view. It is wielding a +0 club.
The orc wizard hits you with a +0 dagger.
You take 4 damage, and have 29/42 hp.
You closely miss the orc wizard. You grab the orc wizard.
The orc wizard is moderately wounded.
You constrict the orc wizard, but do no damage.
The orc closely misses you.
The orc wizard hits you with a +0 dagger.
An adder comes into view.
The orc wizard hits you with a +0 dagger.
The orc hits you from afar with a +0 trident.
You take 11 damage, and have 18/42 hp.
MASSIVE DAMAGE!!
The adder hisses angrily.
You hit the orc wizard. You burn the orc wizard.
Your squeeze misses the orc wizard.
The orc wizard is severely wounded.
You constrict the orc wizard.
The orc hits you from afar with a +0 trident.
The orc wizard hits you with a +0 dagger.
* * * LOW HITPOINT WARNING * * *
You take 7 damage, and have 11/42 hp.
You hit the orc wizard. You burn the orc wizard.
You kill the orc wizard!
The orc hits you from afar with a +0 trident!
* * * LOW HITPOINT WARNING * * *
You take 8 damage, and have 3/42 hp.
It was a potion of invisibility.
You fade into invisibility!
The orc barely misses you.
It was a potion of mutation.
You feel extremely strange.
You feel clever.
You feel robust.
You feel a strange attunement to the structure of the dungeons.
The orc closely misses you.
It was a potion of attraction.
You feel attractive to monsters.
The orc hits you from afar with a +0 trident.
You die...

#######.######
#.....# #####.#
#.# * #.# #.#
#.# *
#.############.#
#.....h.oooS...#
################
*


You could see an adder (unable to see you) and 3 orcs.

Vanquished Creatures
  A phantom (D:4)
  A scorpion (D:5)
  A hound (D:4)
  Jessica (D:3)
  An orc wizard (D:5)
  An adder (D:2)
  2 dart slugs
  3 orcs
  7 endoplasms
  A giant cockroach (D:1)
  4 goblins
  5 hobgoblins
  4 jackals (D:3)
  A quokka (D:3)
  7 ball pythons
  11 bats
  A frilled lizard (D:2)
  A kobold (D:1)
  4 rats
57 creatures vanquished.

Notes
Turn   | Place    | Note
-------+----------+-------------------------------------------
     0 | D:1      | Dirtsage the Octopode Shapeshifter began the quest for the
                  | Orb.
     0 | D:1      | Reached XP level 1. HP: 13/13 MP: 1/1
   160 | D:1      | Reached XP level 2. HP: 18/18 MP: 2/2
   633 | D:2      | Reached XP level 3. HP: 20/23 MP: 3/3
  1478 | D:3      | Noticed Jessica
  1649 | D:3      | Killed Jessica
  1650 | D:3      | Reached XP level 4. HP: 29/29 MP: 4/4
  1878 | D:3      | Identified the +2 shortbow of Ynuyt {drain, Stlth+}
  1980 | D:3      | Identified the +12 whip of Loedyib {flame, rF+}
  2013 | D:3      | You fall into a shaft and drop 2 floors!
  2013 | D:5      | Entered Level 5 of the Dungeon
  2021 | D:5      | Noticed an ogre
  2021 | D:5      | Noticed a scorpion
  2021 | D:5      | Noticed a scorpion
  2038 | D:4      | Noticed a phantom
  2043 | D:4      | Reached XP level 5. HP: 24/35 MP: 5/5
  2049 | D:4      | Killed a phantom
  2141 | D:5      | Reached XP level 6. HP: 22/42 MP: 6/6
  2236 | D:5      | Gained mutation: Your mind is acute. (Int +4, Str/Dex -1)
                  | [potion of mutation]
  2236 | D:5      | Gained mutation: You are robust. (+10% HP) [potion of
                  | mutation]
  2236 | D:5      | Gained mutation: You passively map a small area around you.
                  | [potion of mutation]
  2237 | D:5      | Slain by an orc

Illustrated notes

Levels and vault maps discovered:
D:1:      amcnicky_arrival_choice, layout_rooms
D:2:      layout_loops_corners
D:3:      layout_basic, roderic_batcave, uniq_jessica, uniq_crazy_yiuf_cottage
D:4:      layout_loops_cross, uniq_duvessa
D:5:      layout_loops_ring, gup_sewer_entry_pipe

Skill      XL: |  1  2  3  4  5 |
---------------+----------------+-----
Fighting       | 2 3 |  3.0
Shapeshifting  | 4 |  4.9
Unarmed Combat | 4 |  4.2
Dodging        | |  2.0

Action                     |  1- 3 |  4- 6 || total
---------------------------+-------+-------++-------
  Melee: Unarmed           |    64 |    21 ||    85
         Constrict         |    20 |    11 ||    31
         Tentacles         |    13 |     9 ||    22
         Punch             |     2 |     1 ||     3
         Whip              |       |    20 ||    20
    Use: Potion            |       |     3 ||     3
   Stab: Sleeping          |     4 |     1 ||     5
 Armour: Skin              |    25 |    35 ||    60
  Dodge: Dodged            |    22 |    23 ||    45
  Block: Buckler           |     5 |     6 ||    11

Table legend: (Time is in decaauts)
 A = Elapsed time spent in this place.
 B = Non-inter-level travel time spent in this place.
 C = Inter-level travel time spent in this place.
 D = Time resting spent in this place.
 E = Time spent auto-exploring this place.
 F = Levels seen in this place.
 G = Mean time per level.
                   A        B        C        D        E       F      G
               +--------+--------+--------+--------+--------+-----+--------+
         Total |   2236 |   2175 |     61 |      0 |   1636 |   5 |  447.2 |
       Dungeon |   2236 |   2175 |     61 |      0 |   1636 |   5 |  447.2 |
               +--------+--------+--------+--------+--------+-----+--------+

Top non-repeatable levels by time:
     D:2: 862 daAuts
     D:3: 576 daAuts
     D:1: 571 daAuts
     D:5: 188 daAuts
     D:4: 37 daAuts
